 Dungeon Crawl Stone Soup version 0.28-a0-863-g8cecda6153 (webtiles) character file.

Game seed: 5925598181596281017

10 vineage the Ducker (level 2, 0/23 HPs)
             Began as a Demonspawn Gladiator on Nov 18, 2021.
             Succumbed to an adder's poison
             ... on level 2 of the Dungeon.
             The game lasted 00:01:11 (546 turns).

vineage the Ducker (Demonspawn Gladiator)            Turns: 546, Time: 00:01:12

Health: 0/23       AC:  4    Str: 14    XL:     2   Next: 10%
Magic:  2/2        EV: 12    Int:  9    God:
Gold:   27         SH:  0    Dex: 14    Spells: 1/1 levels left

rFire   . . .      SeeInvis .   a - +0 war axe
rCold   . . .      Faith    .   (no shield)
rNeg    . . .      Spirit   .   b - +0 leather armour
rPois   .          Reflect  .   c - +0 helmet
rElec   .          Harm     .   (no cloak)
rCorr   .          Rampage  .   (no gloves)
Will    .....                   (no boots)
Stlth   +.........              (no amulet)
HPRegen 0.07/turn               (no ring)
MPRegen 0.08/turn               (no ring)

@: lethally poisoned (0 -> -5), hasted, very quick
A: demonic touch 1
a: no special abilities


You were on level 2 of the Dungeon.
You visited 1 branch of the dungeon, and saw 2 of its levels.

You collected 27 gold pieces.

Inventory:

Hand Weapons
 a - a +0 war axe (weapon)
Missiles
 d - 3 throwing nets (quivered)
Armour
 b - a +0 leather armour (worn)
 c - a +0 helmet (worn)
Scrolls
 f - a scroll of identify {unknown}
 g - a scroll of fog {unknown}


   Skills:
 + Level 2.4 Fighting
 - Level 2.6 Axes
 - Level 1.7 Throwing
 + Level 1.0 Armour
 - Level 2.6 Dodging


You had one spell level left.
You didn't know any spells.
Your spell library was empty.

Dungeon Overview and Level Annotations

Branches:
Dungeon (2/15)

Altars:


Innate Abilities, Weirdness & Mutations

Your touch may inflict minor irresistible damage on your foes.


Message History

No target in view!
No target in view!
Found a stone staircase leading down and a stone staircase leading up.
You now have 27 gold pieces (gained 10).
An adder comes into view.
The adder hisses angrily.
The adder closely misses you.
You hit the adder but do no damage. The adder bites you.
You are poisoned.
The adder poisons you! The adder bites you but does no damage.
You hit the adder. Your touch misses the adder.
The adder is lightly wounded.
You feel very sick. The adder bites you. x2
You miss the adder.
The adder is lightly wounded.
You feel sick. The adder misses you.
You are too injured to fight recklessly!
You are too injured to fight recklessly!
You are too injured to fight recklessly!
You are too injured to fight recklessly!
You are too injured to fight recklessly!
You are too injured to fight recklessly!
You are too injured to fight recklessly!
You are too injured to fight recklessly!
You are too injured to fight recklessly!
You barely miss the adder.
The adder is lightly wounded.
You feel sick. The adder misses you. The adder bites you.
* * * LOW HITPOINT WARNING * * *
You hit the adder but do no damage.
The adder is lightly wounded.
You feel sick. The adder bites you.
* * * LOW HITPOINT WARNING * * *
You are lethally poisoned!
The adder poisons you! The adder closely misses you.
It was a potion of haste.
You feel yourself speed up.
* * * LOW HITPOINT WARNING * * *
You feel sick. The adder closely misses you.
You die...

####.##.#........#
#..........#####.#
#>##.##.##.# #.#
##.##<##.# #.#
#...#.##.#####.####.
##..#.##............
##.#.##.#####.#####
#.#....# #.#
#@####.# #.# #.# #.#
#S# #.##### #.#
#...... #.# #######
... ### . #


You could see an adder.

Vanquished Creatures
  A bat (D:1)
  A goblin (D:1)
  3 hobgoblins
  A ball python (D:1)
  2 frilled lizards
  2 rats (D:1)
10 creatures vanquished.

Notes
Turn   | Place    | Note
-------+----------+-------------------------------------------
     0 | D:1      | vineage the Demonspawn Gladiator began the quest for the
                  | Orb.
     0 | D:1      | Reached XP level 1. HP: 16/16 MP: 1/1
   407 | D:1      | Reached skill level 1 in Armour
   407 | D:1      | Discovered your monstrous ancestry.
   407 | D:1      | Gained mutation: Your touch may inflict minor irresistible
                  | damage on your foes. [demonic ancestry]
   407 | D:1      | Reached XP level 2. HP: 23/23 MP: 2/2
   458 | D:1      | You fall into a shaft and drop 1 floor!
   545 | D:2      | HP: 1/23 [poisoned by an adder]
   546 | D:2      | Succumbed to an adder's poison

Illustrated notes

Levels and vault maps discovered:
D:1:      onia_arrival_pyramid, layout_basic
D:2:      layout_loops_ring, shapermc_ecumenical_altar_acropolis

Skill      XL: |  1 |
---------------+----+-----
Armour         | 1 |  1.0
Fighting       | |  2.4
Axes           | |  2.6
Throwing       | |  1.7
Dodging        | |  2.6

Action                   || total
-------------------------++-------
Melee: War axe           ||    32
       Touch             ||     1
  Use: Potion            ||     1
Armor: Leather armour    ||    13
Dodge: Dodged            ||    22

Table legend: (Time is in decaauts)
 A = Elapsed time spent in this place.
 B = Non-inter-level travel time spent in this place.
 C = Inter-level travel time spent in this place.
 D = Time resting spent in this place.
 E = Time spent auto-exploring this place.
 F = Levels seen in this place.
 G = Mean time per level.
                   A        B        C        D        E       F      G
               +--------+--------+--------+--------+--------+-----+--------+
         Total |    557 |    557 |      0 |      0 |    471 |   2 |  278.5 |
       Dungeon |    557 |    557 |      0 |      0 |    471 |   2 |  278.5 |
               +--------+--------+--------+--------+--------+-----+--------+

Top non-repeatable levels by time:
     D:1: 466 daAuts
     D:2: 91 daAuts
